 Seeded DCSS version 0.30.0-29-ga12c61a403 (webtiles) character file.

Game seed: 15767145869209706867 (custom seed)

307 Hubris850 the Chiller (level 6, -1/44 (45) HPs)
             Began as a Draconian Ice Elementalist on June 6, 2023.
             Slain by a wight
             ... wielding a +5 scimitar
              (6 damage)
             ... on level 4 of the Dungeon.
             The game lasted 00:06:38 (3078 turns).

Hubris850 the Chiller (Draconian Ice Elementalist)  Turns: 3078, Time: 00:06:39

HP:   -1/44 (45)    AC: 11    Str: 13    XL:     6   Next: 16%
MP:   11/11         EV: 13    Int: 17    God:
Gold: 231           SH:  0    Dex: 12    Spells: 4/11 levels left

rFire   . . .        r - +6 sling of the Thieving Saviour {freeze, Str+3}
rCold   . . .        (no shield)
rNeg    . . .        (body armour unavailable)
rPois   .            (helmet restricted)
rElec   .            (no cloak)
rCorr   .            t - +0 pair of gloves
SInv    .            (no boots)
Will    .....        (no amulet)
Stlth   ++           i - +4 ring of protection
HPRegen 0.27/turn    (no ring)
MPRegen 0.12/turn

%: no passive effects
@: lightly drained
A: AC +6, unfitting armour, cold-blooded
a: no special abilities


You were on level 4 of the Dungeon.
You visited 1 branch of the dungeon, and saw 4 of its levels.

You collected 231 gold pieces.

Inventory:

Hand Weapons
 b - a +0 spear
 d - a +0 dagger
 k - a +0 short sword
 m - a +0 falchion
 r - the +6 sling of the Thieving Saviour (weapon) {freeze, Str+3}
   (You found it on level 3 of the Dungeon)

   Str:       It affects your strength (+3).
Missiles
 e - 11 poisoned darts
 q - 4 boomerangs
 y - 2 throwing nets
Armour
 t - a +0 pair of gloves (worn)
Jewellery
 i - a +4 ring of protection (left hand)
Scrolls
 c - 2 scrolls of blinking {unknown}
 f - 3 scrolls of teleportation {unknown}
 g - 4 scrolls of amnesia {unknown}
 n - a scroll of enchant armour {unknown}
 o - 4 scrolls of identify {unknown}
 p - a scroll of magic mapping {unknown}
 u - a scroll of poison {unknown}
 v - 2 scrolls of silence {unknown}
Potions
 a - a potion of magic
 h - 2 potions of haste {unknown}
 j - 2 potions of heal wounds
 l - 2 potions of mutation {unknown}
 s - a potion of cancellation {unknown}
 w - a potion of flight {unknown}
 x - a potion of attraction {unknown}
 z - a potion of lignification {unknown}


   Skills:
 + Level 2.6 Long Blades
 - Level 3.5 Dodging
 - Level 1.7 Stealth
 - Level 3.4 Spellcasting
 - Level 5.0 Ice Magic


You had 4 spell levels left.
You knew the following spells:

 Your Spells              Type           Power      Damage    Failure   Level
a - Freeze                Ice            80%        1d9       2%          1
b - Frozen Ramparts       Ice            40%        1d7       6%          3
c - Ozocubu's Armour      Ice            20%        N/A       6%          3

Your spell library contained the following spells:

 Spells                   Type           Power      Damage    Failure   Level
 Apportation              Tloc           4%         N/A       17%         1
 Necrotise                Necr           8%         1d4       17%         1
 Summon Small Mammal      Summ           8%         N/A       17%         1
 Summon Ice Beast         Ice/Summ       11%        N/A       52%         4
 Animate Dead             Necr           2%         N/A       86%         4
 Borgnjor's Vile Clutch   Necr/Erth      1%         N/A       99%         5
 Death Channel            Necr           1%         N/A       100%        6


Dungeon Overview and Level Annotations

Branches:
Dungeon (4/15)             Temple (0/1) D:4

Altars:
Ashenzari
Nemelex Xobeh

Shops:
D:2 !


Innate Abilities, Weirdness & Mutations

Your plain brown scales are hard. (AC +6)
You cannot fit into any form of body armour.
You are cold-blooded and may be slowed by cold attacks.


Message History

The sling bullet freezes the gnoll.
The gnoll is severely wounded.
The gnoll hits you with a +0 club.
You shoot a sling bullet.
The sling bullet barely misses the gnoll.
The gnoll barely misses you. The gnoll hits you but does no damage.
You shoot a sling bullet.
The sling bullet barely misses the gnoll.
The gnoll closely misses you.
You shoot a sling bullet. The sling bullet hits the gnoll.
The sling bullet freezes the gnoll.
You kill the gnoll!
The wight hits you with a +5 scimitar.
You shoot a sling bullet. The sling bullet hits the wight.
The wight is lightly damaged.
The wight barely misses you.
You shoot a sling bullet.
The sling bullet closely misses the wight.
The gnoll hits you but does no damage. The wight barely misses you.
You shoot a sling bullet.
The sling bullet closely misses the wight.
The gnoll hits you but does no damage. The wight closely misses you.
The wight hits you with a +5 scimitar.
You feel drained. The gnoll hits you but does no damage.
You shoot a sling bullet.
The sling bullet closely misses the wight.
The gnoll hits you but does no damage. The wight hits you with a +5 scimitar!
You are too injured to fight recklessly!
You are too injured to fight recklessly!
You are too injured to fight recklessly!
You are too injured to fight recklessly!
Fire: r) +6 sling of the Thieving Saviour {freeze, Str+3}
Press: ? - help, Q - select action, (/) - cycle Shift-Dir - straight line, f/p - wight
Aim: a wight, wielding a +5 scimitar and wearing a +0 robe (lightly damaged, 62% to hit)
You shoot a sling bullet. The sling bullet hits the wight.
The wight is moderately damaged.
The gnoll hits you with a +0 whip. The wight hits you with a +5 scimitar!
* * * LOW HITPOINT WARNING * * *
The wight hits you with a +5 scimitar.
You die...

#)# #..####..........
###.### #....######.#.#..
#.....# ....# #..###.
#.#.#.# #..#.## #.## ##
#.#..)####......#####..###.
#.##......#.#.#.........#.#
#......##........####.##...
####)#.#...#.#.#...#...####
........#...#@......#.....
###.###.#.#.gz#.>.#)..#...
#.#...#.......#....##
#.###...#.#.#...##. #.#
..#........# #.
#.#.##.#.#.#...# ....
.#.... ... .. #...#[....


You could see a wight and a gnoll.

Vanquished Creatures
  A black bear (D:4)
  A phantom (D:4)
  An adder (D:3)
  5 gnolls (D:4)
  A worm (D:2)
  2 dart slugs
  7 orcs
  A bat (D:2)
  4 endoplasms
  5 giant cockroaches (D:1)
  5 goblins
  4 hobgoblins
  12 jackals
  5 kobolds
  4 quokkas
  2 ball pythons
  5 frilled lizards
  3 rats
68 creatures vanquished.

Notes
Turn   | Place    | Note
-------+----------+-------------------------------------------
     0 | D:1      | Hubris850 the Draconian Ice Elementalist began the quest
                  | for the Orb.
     0 | D:1      | Reached XP level 1. HP: 14/14 MP: 3/3
   188 | D:1      | Reached XP level 2. HP: 20/20 MP: 5/5
   636 | D:1      | Reached XP level 3. HP: 26/26 MP: 6/6
   854 | D:1      | Learned a level 3 spell: Frozen Ramparts
   858 | D:1      | Learned a level 3 spell: Ozocubu's Armour
  1452 | D:2      | Found Beanurph's Distillery.
  1848 | D:3      | Identified the +6 sling of the Thieving Saviour {freeze,
                  | Str+3}
  1888 | D:3      | Found a broken altar of Ashenzari.
  2221 | D:3      | Found a sparkling altar of Nemelex Xobeh.
  2280 | D:3      | Reached XP level 4. HP: 33/33 MP: 8/8
  2747 | D:4      | Noticed a black bear
  2763 | D:4      | Killed a black bear
  2764 | D:4      | Reached skill level 5 in Ice Magic
  2764 | D:4      | Reached XP level 5. HP: 21/38 MP: 5/10
  2880 | D:4      | Noticed a phantom
  2897 | D:4      | Killed a phantom
  2898 | D:4      | Reached skill level 1 in Long Blades
  3001 | D:4      | Reached XP level 6. HP: 45/45 MP: 11/11
  3062 | D:4      | Found a staircase to the Ecumenical Temple.
  3078 | D:4      | Slain by a wight

Illustrated notes

Levels and vault maps discovered:
D:1:      dpeg_arrival_ternary, layout_loops_ring
D:2:      layout_loops_corners, serial_shops, shop, kennysheep_pointless_box
D:3:      layout_basic, evilmike_ruin_ashenzari,
          nemelex_xobeh_ov_fountains_minmay
D:4:      layout_loops_ring, minmay_temple_entry_sparse_star,
          nicolae_kite_square_tiling_tiny, minmay_fractal_squares_gapless_5

Skill      XL: |  1  2  3  4  5 |
---------------+----------------+-----
Dodging        | 2 3 |  3.5
Spellcasting   | 3 |  3.4
Ice Magic      | 5 |  5.0
Long Blades    | 2 |  2.6
Stealth        | |  1.7

Action                     |  1- 3 |  4- 6 || total
---------------------------+-------+-------++-------
  Melee: Unarmed           |    10 |       ||    10
         Dagger            |    93 |       ||    93
         Tailslap          |    25 |       ||    25
         Punch             |     1 |       ||     1
         Falchion          |    51 |       ||    51
   Fire: Sling             |    14 |    56 ||    70
   Cast: Freeze            |     4 |       ||     4
         Frozen Ramparts   |     1 |     1 ||     2
   Stab: Sleeping          |     5 |       ||     5
 Armour: Skin              |    48 |    22 ||    70
  Dodge: Dodged            |    99 |    24 ||   123
